AoeStats
← 騷護士

Pilgrims

509879702Analyzed
4v4 RM · 5d ago on Sep 28, 2026· 52m 2s· 8 players
Game mode
Random Map
Map size
Large (8 player)
Population
200
Speed
Normal
Resources
Standard
Victory
Conquest
Starting age
Dark Age
Ending age
Imperial Age
RankedLock teamsTeams togetherTeam positionsShared explorationLock speedFull tech treeHidden civsTurbo modeCheats
Victory
Defeat
🇺🇸 Varangians · United States
1541
+14
🇦🇷 Italians · Argentina
1500
+15
🇨🇴 Varangians · Colombia
1486
+16
🇺🇸 Berbers · United States
1358
+20
🇹🇼 Danes · Taiwan
1571
-20
🇹🇼 Varangians · Taiwan
1502
-17
🇭🇰 Dravidians · Hong Kong SAR China
1432
-14
🇦🇺 Armenians · Australia
1426
-14
Chiefboy AK
5:47 Loom
11:28 Feudal Age
12:38 Double-Bit Axe
15:16 Castle Age
16:25 Scale Barding Armor
16:35 Horse Collar
19:30 Fishing Lines
21:46 Forging
26:29 Wheelbarrow
33:50 Imperial Age
32:11 Chain Barding Armor
32:21 Bow Saw
33:09 Heavy Plow
34:39 Bloodlines
34:30 Husbandry
35:23 Plate Barding Armor
35:24 Iron Casting
35:25 Conscription
36:52 Hand Cart
38:19 Blast Furnace
38:18 Elite Jarl
40:23 Light Cavalry
42:39 Ballistics
43:21 Chemistry
42:31 Masonry
42:16 Fletching
42:27 Padded Archer Armor
42:34 Elite Skirmisher
43:12 Bodkin Arrow
44:25 Bracer
44:41 Leather Archer Armor
46:44 Ring Archer Armor
48:03 Caravan
48:33 Elite Genitour
50:45 Hussar
whitewidow52
8:38 Loom
11:52 Feudal Age
16:31 Fishing Lines
20:13 Castle Age
25:06 Double-Bit Axe
25:04 Horse Collar
28:39 Fletching
31:20 Bodkin Arrow
32:44 Bloodlines
33:14 Padded Archer Armor
35:29 Wheelbarrow
35:11 Gold Mining
38:53 Imperial Age
37:09 Ballistics
37:51 Leather Archer Armor
40:36 Chemistry
39:49 Masonry
39:57 Bracer
41:36 Hand Cart
44:05 Elite Camel Archer
48:12 Ring Archer Armor
47:48 Maghrebi Camels
50:17 Husbandry
50:40 Light Cavalry
51:29 Scale Barding Armor
51:34 Forging
51:58 Hussar
[LGP] Shiroo
6:37 Loom
10:35 Feudal Age
11:23 Town Watch
11:47 Fishing Lines
12:37 Double-Bit Axe
17:01 Horse Collar
19:52 Castle Age
20:45 Medium Warships
20:31 Fletching
21:30 Bodkin Arrow
28:44 Gillnets
32:34 Forging
35:23 Imperial Age
33:30 Forging
34:17 Squires
34:51 Scale Mail Armor
34:42 Arson
36:00 Chain Mail Armor
35:28 Gothikon
35:31 Elite Varangian Guard
37:08 Wheelbarrow
39:54 Plate Mail Armor
40:45 Iron Casting
40:48 Bow Saw
40:39 Heavy Plow
44:27 Gold Mining
46:03 Blast Furnace
45:25 Conscription
Chim cu đi tắm
10:14 Feudal Age
10:55 Loom
14:40 Castle Age
12:39 Double-Bit Axe
13:07 Town Watch
16:01 Bow Saw
16:16 Fletching
17:24 Bodkin Arrow
23:23 Wheelbarrow
26:31 Imperial Age
28:32 Chemistry
35:19 Ballistics
37:21 Two-Man Saw
42:00 Hand Cart
45:17 Clinker Construction
47:43 Fishing Lines
49:03 Carvel Hull
49:40 Gillnets
51:31 Hand Cart
大漁哥哥
11:06 Feudal Age
15:16 Castle Age
13:35 Double-Bit Axe
16:01 Loom
16:27 Bow Saw
18:13 Forging
18:09 Scale Barding Armor
19:04 Gold Mining
22:13 Horse Collar
23:38 Iron Casting
25:33 Chain Barding Armor
28:16 Wheelbarrow
27:57 Bloodlines
33:17 Imperial Age
31:31 Heavy Plow
33:18 Husbandry
33:00 Vendel Legacy
34:17 Hand Cart
33:57 Stone Mining
34:57 Plate Barding Armor
35:14 Scale Mail Armor
36:15 Blast Furnace
36:23 Two-Man Saw
35:55 Crop Rotation
36:20 Conscription
38:49 Chain Mail Armor
39:03 Elite Varangian Guard
40:30 Stone Shaft Mining
41:26 Plate Mail Armor
40:45 Arson
41:01 Squires
40:46 Gambesons
41:28 Gothikon
43:25 Fletching
43:36 Padded Archer Armor
47:26 Cavalier
51:48 Light Cavalry
騷護士
4:22 Loom
11:08 Feudal Age
15:36 Castle Age
15:07 Fletching
16:34 Double-Bit Axe
40:51 Bow Saw
kinwaleung18
10:54 Feudal Age
10:44 Loom
11:38 Double-Bit Axe
18:20 Town Watch
20:39 Castle Age
18:59 Forging
20:54 Fishing Lines
21:29 Medium Warships
22:22 Iron Casting
21:59 Bow Saw
23:06 Clinker Construction
23:33 Careening
25:12 Wheelbarrow
24:44 Fishing Lines
26:36 Stone Mining
26:37 Gold Mining
27:00 Town Watch
31:00 Hand Cart
32:09 Fletching
32:19 Padded Archer Armor
36:16 Imperial Age
33:16 Elite Skirmisher
34:31 Bodkin Arrow
35:35 Leather Archer Armor
35:53 Ballistics
38:13 Chemistry
37:18 Bracer
38:03 Thumb Ring
38:28 Conscription
39:44 Ring Archer Armor
41:34 Guard Tower
41:26 Elite Elephant Archer
45:57 Keep
45:08 Arrowslits
46:59 Coinage
46:32 Scale Mail Armor
46:22 Horse Collar
47:54 Husbandry
48:53 Banking
49:49 Masonry
49:35 Murder Holes
Nørthlane
5:50 Loom
12:29 Feudal Age
14:47 Fletching
17:22 Castle Age
15:08 Double-Bit Axe
20:50 Bow Saw
22:41 Horse Collar
28:00 Fervor
29:30 Town Watch
32:58 Bodkin Arrow
41:18 Wheelbarrow
40:45 Heavy Plow
41:15 Padded Archer Armor
Connection lost

Rejoining the realm…

Still unreachable

The connection could not be restored.

Session expired

The server has moved on; the page needs a fresh start.